 Dungeon Crawl Stone Soup version 0.31-a0-986-g5e6e4ef867 (webtiles) character file.

Game seed: 13589417462651446810

462 SigmundSlayer the Shooter (level 6, 0/76 HPs)
             Began as a Demigod Hunter on Nov 3, 2023.
             Slain by an ogre
             ... wielding a +0 giant spiked club
              (14 damage)
             ... on level 4 of the Dungeon.
             The game lasted 00:08:06 (3124 turns).

SigmundSlayer the Shooter (Demigod Hunter)          Turns: 3124, Time: 00:08:06

Health: 0/76       AC: 23    Str: 12    XL:     6   Next: 49%
Magic:  8/8        EV:  2    Int: 15    God:
Gold:   197        SH:  5    Dex: 25    Spells: 5/5 levels left

rFire   + . .        a - +0 shortbow
rCold   . . .        (shield currently unavailable)
rNeg    . . .        m - melded +0 ring mail
rPois   +            (helmet currently unavailable)
rElec   .            p - melded +1 cloak
rCorr   .            g - melded +0 pair of gloves
SInv    .            (boots currently unavailable)
Will    .....        u - amulet of reflection
Stlth   ++           q - ring "Manliom" {rF+ EV+5 Int+4}
HPRegen 0.32/turn    (no ring)
MPRegen 0.11/turn

%: reflection
@: tree-form
A: stationary, stasis, torment immunity, boosted hp, high MP 1, forlorn, divine
attributes, (talons 1)
a: no special abilities


You were on level 4 of the Dungeon.
You were a tree.
You visited 1 branch of the dungeon, and saw 4 of its levels.
You also visited: Sewer.

You collected 197 gold pieces.

Inventory:

Hand Weapons
 a - a +0 shortbow (weapon)
Missiles
 i - 6 atropa-tipped darts
 j - 6 poisoned darts
Armour
 g - a +0 pair of gloves (melded)
 m - a +0 ring mail (melded)
 p - a +1 cloak (melded)
Jewellery
 q - the ring "Manliom" (left branch) {rF+ EV+5 Int+4}
   (You found it on level 3 of the Dungeon)

   [ring of evasion]

   EV+5:      It affects your evasion (+5).
   Int+4:     It affects your intelligence (+4).
   rF+:       It protects you from fire.
 u - an amulet of reflection (around neck)
 v - a ring of magical power
Wands
 s - a wand of flame (12)
Scrolls
 b - a scroll of butterflies
 e - 2 scrolls of blinking
 f - a scroll of teleportation
 h - a scroll of amnesia
 o - a scroll of noise
Potions
 c - a potion of cancellation
 d - a potion of might
 l - 7 potions of enlightenment
 n - 2 potions of curing
 t - a potion of magic {unknown}


   Skills:
 + Level 3.3 Fighting
 * Level 5.6 Ranged Weapons
 + Level 2.3 Armour
 + Level 3.3 Dodging
 - Level 0.8 Stealth


You had 5 spell levels left.
You didn't know any spells.
Your spell library contained the following spells:

 Spells                   Type           Power      Damage    Failure   Level
 Magic Dart               Conj           0%         1d3       26%         1
 Call Imp                 Summ           0%         N/A       38%         2
 Wereblood                Tmut           0%         N/A       38%         2
 Dazzling Flash           Conj/Hex       0%         N/A       63%         3
 Mephitic Cloud           Conj/Pois/Air  0%         N/A       63%         3
 Volatile Blastmotes      Fire/Tloc      0%         2d10      63%         3
 Anguish                  Hex/Necr       0%         N/A       95%         4
 Cause Fear               Hex            0%         N/A       95%         4
 Irradiate                Conj/Tmut      0%         3d11      100%        5
 Starburst                Conj/Fire      0%         6d3       100%        6
 Enfeeble                 Hex            0%         N/A       100%        7
 Maxwell's Capacitive Co  Air            0%         ∞         100%        8


Dungeon Overview and Level Annotations

Branches:
Dungeon (4/15)              Sewer (visited)
 Temple: D:4-7

Shops:
D:3 ?:*[?


Innate Abilities, Weirdness & Mutations

You are a tree.
Your roots penetrate the ground, keeping you stationary.
You cannot be teleported.
You are immune to unholy pain and torment.
Your maximum health is greatly increased.
Your equipment is partially melded.
You have an increased reservoir of magic. (+10% MP)
You shall have no god before yourself.
Your divine heritage dramatically boosts your attributes as you level up.
((You have sharp toenails.))


Message History

You shoot an arrow. The arrow hits the ogre.
The ogre is moderately wounded.
You block the ogre's attack.
Fire: a) +0 shortbow
Press: ? - help, Q - select action, (/) - cycle Shift-Dir - straight line, f/p - orc priest
Aim: an orc priest, wielding a +0 falchion and wearing a +0 leather armour (almost dead, 67% to hit)
You shoot an arrow. The arrow hits the ogre.
The ogre is heavily wounded.
Fire: a) +0 shortbow
Press: ? - help, Q - select action, (/) - cycle Shift-Dir - straight line, f/p - orc priest
Aim: an orc priest, wielding a +0 falchion and wearing a +0 leather armour (almost dead, 67% to hit)
You shoot an arrow.
The arrow hits the ogre but does no damage.
The ogre is heavily wounded.
The ogre hits you with a +0 giant spiked club.
* * * LOW HITPOINT WARNING * * *
Fire: a) +0 shortbow
Press: ? - help, Q - select action, (/) - cycle Shift-Dir - straight line, f/p - orc priest
Aim: an orc priest, wielding a +0 falchion and wearing a +0 leather armour (almost dead, 67% to hit)
You shoot an arrow. The arrow hits the ogre!
The ogre is severely wounded.
The ogre barely misses you.
Fire: a) +0 shortbow
Press: ? - help, Q - select action, (/) - cycle Shift-Dir - straight line, f/p - orc priest
Aim: an orc priest, wielding a +0 falchion and wearing a +0 leather armour (almost dead, 67% to hit)
You shoot an arrow. The arrow hits the ogre.
The ogre is almost dead.
You block the ogre's attack.
Fire: a) +0 shortbow
Press: ? - help, Q - select action, (/) - cycle Shift-Dir - straight line, f/p - orc priest
Aim: an orc priest, wielding a +0 falchion and wearing a +0 leather armour (almost dead, 67% to hit)
You shoot an arrow. The arrow barely misses the ogre.
The arrow barely misses the orc priest.
Fire: a) +0 shortbow
Press: ? - help, Q - select action, (/) - cycle Shift-Dir - straight line, f/p - orc priest
Aim: an orc priest, wielding a +0 falchion and wearing a +0 leather armour (almost dead, 67% to hit)
You shoot an arrow. The arrow hits the ogre.
The ogre is almost dead.
The ogre hits you with a +0 giant spiked club!
You die...

.............#
.##{#...#.###
#.#...# .. #.#...#
## #.#...# #
#.##.##.#
######...o...#
#......##O####
#.####.##♣#####
####.#......##
#............#######
#.##.######........#
# ..># #......#.#
.....#######..##.#
####.###.......# #
#.# #.#####.#
#.###.### #.#


You could see an ogre and an orc priest.

Vanquished Creatures
  A black bear (D:4)
  A scorpion (D:4)
  A howler monkey (D:4)
  An orc priest (D:3)
  A hound (D:3)
  An orc wizard (D:3)
  3 adders
  5 river rats (Sewer)
  3 worms
  3 dart slugs
  9 orcs
  9 bats
  6 endoplasms
  4 giant cockroaches
  4 hobgoblins
  6 jackals
  3 kobolds
  A quokka (D:2)
  13 ball pythons
  5 frilled lizards
  2 goblins
  5 rats
87 creatures vanquished.

Vanquished Creatures (others)
  An orc wizard (D:4)
1 creature vanquished.

Grand Total: 88 creatures vanquished

Notes
Turn   | Place    | Note
-------+----------+-------------------------------------------
     0 | D:1      | SigmundSlayer the Demigod Hunter began the quest for the
                  | Orb.
     0 | D:1      | Reached XP level 1. HP: 17/17 MP: 3/3
   425 | D:1      | Reached XP level 2. HP: 24/24 MP: 4/4
   671 | D:2      | Reached skill level 4 in Ranged Weapons
  1054 | D:2      | Reached XP level 3. HP: 29/29 MP: 5/5
  1092 | D:3      | Found Posautwo's Magic Scroll Shoppe.
  1113 | D:3      | Found Kienuah's Antique Armour Boutique.
  1283 | D:3      | Reached skill level 1 in Armour
  1283 | D:3      | Reached XP level 4. HP: 22/37 MP: 6/6
  1307 | D:3      | Found Negie's Magic Scroll Boutique.
  1313 | D:3      | Identified the ring "Manliom" {rF+ EV+5 Int+4}
  1416 | D:3      | Found Fiakaor's General Store.
  1617 | D:3      | Found a glowing drain.
  1623 | Sewer    | Entered a sewer
  1664 | Sewer    | Reached XP level 5. HP: 42/42 MP: 7/7
  1893 | Sewer    | HP: 1/44 [river rat (5)]
  2062 | Sewer    | Reached skill level 5 in Ranged Weapons
  2453 | D:3      | Found Onezoev's Book Emporium.
  3077 | D:4      | Noticed a black bear
  3094 | D:4      | Killed a black bear
  3095 | D:4      | Reached XP level 6. HP: 39/51 MP: 8/8
  3103 | D:4      | Gained mutation: You have sharp toenails. [potion of
                  | mutation]
  3124 | D:4      | Slain by an ogre

Illustrated notes

Levels and vault maps discovered:
D:1:      wander_arrival_chamber, layout_loops_ring,
          hellmonk_ecumenical_altar_arch_garden, st_stairs_4
D:2:      layout_rooms, basic_altar, serial_bayou_pond_c
D:3:      layout_basic, chequers_temple_overflow_minitemple,
          mainiacjoe_sewer_entry_somewhere_in_here_1, serial_shops, shop, shop,
          shop, nicolae_shop_window_shopping, shop, serial_bayou,
          serial_bayou_pond_d, serial_bayou_lake_a, serial_bayou_lagoon_a,
          serial_bayou_pond_e, eino_tiny_chamber, kennysheep_generic_room_11
D:4:      layout_loops_cross, gammafunk_temple_overflow_arena

Skill      XL: |  1  2  3  4  5 |
---------------+----------------+-----
Dodging        | 2 3 |  3.3
Fighting       | 2 3 |  3.3
Ranged Weapons | 4 5 |  5.6
Armour         | 1 2 |  2.3
Stealth        | |  0.8

Action                     |  1- 3 |  4- 6 || total
---------------------------+-------+-------++-------
  Melee: Unarmed           |       |     6 ||     6
         Shortbow          |       |     5 ||     5
   Fire: Shortbow          |    99 |   200 ||   299
    Use: Scroll            |     4 |     6 ||    10
         Potion            |       |     5 ||     5
 Armour: Leather armour    |    14 |    12 ||    26
         Ring mail         |     2 |    72 ||    74
         Skin              |       |     3 ||     3
  Dodge: Dodged            |    26 |   173 ||   199
  Block: Other             |       |     7 ||     7

Table legend: (Time is in decaauts)
 A = Elapsed time spent in this place.
 B = Non-inter-level travel time spent in this place.
 C = Inter-level travel time spent in this place.
 D = Time resting spent in this place.
 E = Time spent auto-exploring this place.
 F = Levels seen in this place.
 G = Mean time per level.
                   A        B        C        D        E       F      G
               +--------+--------+--------+--------+--------+-----+--------+
         Total |   3403 |   3293 |    110 |    254 |   2057 |   5 |  680.6 |
       Dungeon |   2517 |   2407 |    110 |     75 |   1523 |   4 |  629.2 |
         Sewer |    886 |    886 |      0 |    179 |    534 |   1 |  886.0 |
               +--------+--------+--------+--------+--------+-----+--------+

Top non-repeatable levels by time:
     D:3: 1261 daAuts
   Sewer: 886 daAuts
     D:1: 640 daAuts
     D:2: 465 daAuts
     D:4: 150 daAuts
